 Seeded DCSS version 0.30-a0-125-g51eefa89be (webtiles) character file.

Game seed: 13279993624764864286 (custom seed)

1130 SigmundSlayer the Shield-Bearer (level 8, -1/58 HPs)
             Began as a Demonspawn Fighter on Sept 18, 2022.
             Was an Initiate of Cheibriados.
             Slain by a gnoll bouda
             ... wielding a +0 whip
              (9 damage)
             ... on level 5 of the Dungeon.
             The game lasted 00:03:42 (4667 turns).

SigmundSlayer the Shield-Bearer (DsFi)              Turns: 4667, Time: 00:03:43

Health: -1/58      AC:  7    Str: 19    XL:     8   Next: 13%
Magic:  8/8        EV:  9    Int: 10    God:    Cheibriados [......]
Gold:   661        SH: 10    Dex: 15    Spells: 7/7 levels left

rFire   . . .      SeeInvis .    a - +0 war axe
rCold   . . .      Faith    .    c - +0 buckler
rNeg    + . .      Spirit   .    b - +0 scale mail
rPois   +          Reflect  +    (helmet unavailable)
rElec   .          Harm     .    (no cloak)
rCorr   .          Rampage  .    (no gloves)
Will    .....                    (no boots)
Stlth   +.........               f - amulet of reflection
HPRegen 0.19/turn                s - ring of poison resistance
MPRegen 0.11/turn                y - ring of positive energy

@: weakened, very slow
A: horns 3, sturdy frame 1, demonic magic 2
a: Renounce Religion


You were on level 5 of the Dungeon.
You worshipped Cheibriados.
Cheibriados was noncommittal.
You visited 2 branches of the dungeon, and saw 6 of its levels.

You collected 661 gold pieces.

Inventory:

Hand Weapons
 a - a +0 war axe (weapon)
Missiles
 z - 3 boomerangs (quivered)
Armour
 b - a +0 scale mail (worn)
 c - a +0 buckler (worn)
 o - a +0 kite shield
Jewellery
 f - an amulet of reflection (around neck)
 g - an amulet of regeneration
 s - a ring of poison resistance (left hand)
 y - a ring of positive energy (right hand)
Wands
 v - a wand of quicksilver (8)
Scrolls
 h - 3 scrolls of teleportation {unknown}
 i - a scroll of fog {unknown}
 j - 2 scrolls of magic mapping {unknown}
 k - 2 scrolls of amnesia {unknown}
 r - a scroll of identify {unknown}
 w - a scroll of enchant weapon {unknown}
 x - a scroll of immolation {unknown}
Potions
 d - a potion of might
 e - a potion of resistance {unknown}
 l - 2 potions of lignification {unknown}
 m - 2 potions of curing {unknown}
 n - a potion of ambrosia {unknown}
 p - 2 potions of attraction {unknown}
 q - a potion of flight {unknown}
 u - 2 potions of mutation {unknown}


   Skills:
 - Level 3.0 Fighting
 + Level 5.3 Axes
 + Level 5.7 Armour
 + Level 5.7 Shields


You had 7 spell levels left.
You didn't know any spells.
Your spell library contained the following spells:

 Spells                   Type           Power      Damage    Failure   Level
 Call Canine Familiar     Summ           0%         N/A       95%         3
 Portal Projectile        Hex/Tloc       0%         N/A       95%         3
 Leda's Liquefaction      Hex/Erth       0%         N/A       100%        4


Dungeon Overview and Level Annotations

Branches:
Dungeon (5/15)             Temple (1/1) D:5

Altars:
Ashenzari
Cheibriados
Dithmenos
Fedhas
Kikubaaqudgha
Makhleb
Okawaru
Qazlal
Sif Muna
Trog
Uskayaw
Vehumet
Xom

Shops:
D:2 [   D:5 *


Innate Abilities, Weirdness & Mutations

You have a pair of large horns on your head.
Your movements are slightly less encumbered by armour. (ER -2)
Spells you cast may paralyse nearby enemies.


Message History

You block the gnoll bouda's attack.
The gnoll throws a stone.
You reflect the stone off an invisible shield around you!
The stone hits the gnoll.
You hit the gnoll bouda but do no damage.
The gnoll bouda is moderately wounded.
The gnoll bouda hits you with a +0 whip.
The gnoll throws a stone.
The stone closely misses you.
The gnoll bouda gazes fiercely through you!
You feel as though you will be weak longer.
The gnoll bouda hits you with a +0 whip.
You hit the gnoll bouda but do no damage.
The gnoll bouda is moderately wounded.
The gnoll bouda hits you with a +0 whip!
You hit the gnoll bouda but do no damage.
The gnoll bouda is moderately wounded.
The gnoll sergeant is no longer moving quickly.
You block the gnoll bouda's attack.
You hit the gnoll bouda.
The gnoll bouda is moderately wounded.
The gnoll bouda barks out a call to the hunt!
The gnoll sergeant picks up the pace!
The gnoll bouda calls upon its god to heal the gnoll.
The gnoll's wounds heal themselves!
You hear a shout!
You block the gnoll bouda's attack.
The gnoll bouda gazes fiercely through you!
You feel as though you will be weak longer.
You block the gnoll bouda's attack.
You see here a ring of fire.
You barely miss the gnoll bouda. Your headbutt misses the gnoll bouda.
The gnoll bouda is moderately wounded.
The gnoll bouda hits you with a +0 whip!
* * * LOW HITPOINT WARNING * * *
You hit the gnoll bouda but do no damage.
The gnoll bouda is moderately wounded.
The gnoll bouda hits you with a +0 whip.
* * * LOW HITPOINT WARNING * * *
The gnoll bouda attacks as you move away!
The gnoll bouda hits you with a +0 whip!
You die...

###..#
#...########
#.8.#g.....#.
#...#≈≈≈≈≈≈..
#............
#............
#..†#≈≈≈≈≈≈..
#.8g#gg(...#.
#..@########
###†.######
#[......##
###......#########
##..............
#..........>###.
##......#.####..
#....#....# #...
##...#....###...


You could see a gnoll bouda and a gnoll (swift).

Vanquished Creatures
  Grinder (D:3)
  Sigmund (D:4)
  A sky beast (D:5)
  A black bear (D:4)
  A phantom (D:3)
  A scorpion (D:4)
  A necrophage (D:4)
  A howler monkey (D:4)
  3 hounds
  2 iguanas
  7 gnolls (D:5)
  5 adders
  A worm (D:3)
  6 dart slugs
  7 orcs (D:4)
  8 endoplasms
  3 giant cockroaches
  11 goblins
  9 hobgoblins
  8 jackals
  5 kobolds
  3 quokkas
  8 ball pythons
  4 bats (D:1)
  5 frilled lizards
  2 rats
105 creatures vanquished.

Vanquished Creatures (others)
  A kobold (D:4)
1 creature vanquished.

Grand Total: 106 creatures vanquished

Notes
Turn   | Place    | Note
-------+----------+-------------------------------------------
     0 | D:1      | SigmundSlayer the Demonspawn Fighter began the quest for
                  | the Orb.
     0 | D:1      | Reached XP level 1. HP: 18/18 MP: 1/1
   243 | D:1      | Gained mutation: You have a pair of small horns on your
                  | head. [demonic ancestry]
   243 | D:1      | Reached XP level 2. HP: 17/24 MP: 2/2
   528 | D:1      | Gained mutation: Spells you cast may paralyse adjacent
                  | enemies. [demonic ancestry]
   528 | D:1      | Reached XP level 3. HP: 23/29 MP: 3/3
   610 | D:1      | Found a faded altar of an unknown god.
  1388 | D:2      | Found Piestuuv's Antique Armour Shop.
  1448 | D:2      | Identified the +6 dagger "Xaufig" {drain, Int+4}
  1486 | D:2      | Gained mutation: You have a pair of horns on your head.
                  | [demonic ancestry]
  1486 | D:2      | Reached XP level 4. HP: 27/35 MP: 4/4
  2005 | D:3      | Noticed a phantom
  2018 | D:3      | Killed a phantom
  2019 | D:3      | Gained mutation: You have a pair of large horns on your
                  | head. [demonic ancestry]
  2019 | D:3      | Reached XP level 5. HP: 39/41 MP: 5/5
  2122 | D:3      | Noticed Grinder
  2122 | D:3      | Paralysed by Grinder for 3 turns
  2132 | D:3      | Killed Grinder
  2133 | D:3      | Gained mutation: Spells you cast may paralyse nearby
                  | enemies. [demonic ancestry]
  2133 | D:3      | Reached XP level 6. HP: 35/47 MP: 6/6
  2977 | D:4      | Reached XP level 7. HP: 41/50 MP: 7/7
  3043 | D:4      | Noticed Sigmund
  3053 | D:4      | Killed Sigmund
  3054 | D:4      | Reached skill level 5 in Armour
  3054 | D:4      | Reached skill level 5 in Shields
  3079 | D:4      | Found a burning altar of Makhleb.
  4011 | D:5      | Entered Level 5 of the Dungeon
  4012 | D:5      | Found a staircase to the Ecumenical Temple.
  4048 | D:5      | Reached skill level 5 in Axes
  4157 | D:5      | Gained mutation: Your movements are slightly less
                  | encumbered by armour. (ER -2) [demonic ancestry]
  4157 | D:5      | Reached XP level 8. HP: 51/58 MP: 8/8
  4164 | Temple   | Entered the Ecumenical Temple
  4346 | Temple   | Became a worshipper of Cheibriados the Contemplative
  4490 | D:5      | Found Vynitwim's General Store.
  4667 | D:5      | Slain by a gnoll bouda

Illustrated notes

Levels and vault maps discovered:
D:1:      minmay_arrival_shattered_statue, layout_rooms,
          shapermc_ecumenical_altar_petra, grunt_decor_fettered
D:2:      cheibrodos_greedy_goblins, layout_basic, serial_shops,
          nicolae_square_shop, serial_bayou_pond_e, grunt_decor_arrowhead
D:3:      layout_loops_ring, uniq_grinder
D:4:      minmay_polygon_palace, layout_rooms, makhleb_heckhound_becter,
          uniq_sigmund
D:5:      layout_cave_pools, minmay_temple_entry_purple_smoke,
          serial_gnoll_camp, gnoll_camp_mini_house, gnoll_camp_mini_shop,
          gnoll_camp_mini_loothouse, gnoll_camp_medium_01,
          gnoll_camp_mini_house, gnoll_camp_mini_hut
Temple:   nicolae_temple_bog_church

Skill      XL: |  1  2  3  4  5  6  7 |
---------------+----------------------+-----
Axes           | 2 3 4 5 |  5.3
Armour         | 3 4 5 |  5.7
Shields        | 3 4 5 |  5.7
Fighting       | |  3.0

Action                   |  1- 3 |  4- 6 |  7- 9 || total
-------------------------+-------+-------+-------++-------
Melee: War axe           |   111 |    65 |   128 ||   304
       Headbutt          |    10 |    13 |    21 ||    44
Throw: Boomerang         |       |       |    16 ||    16
       Throwing net      |       |       |     1 ||     1
  Use: Potion            |       |       |     1 ||     1
 Stab: Held in net/web   |     1 |       |       ||     1
Armor: Scale mail        |    55 |    13 |    51 ||   119
Dodge: Dodged            |    46 |    22 |    62 ||   130
Block: Buckler           |    52 |    33 |    92 ||   177
       Reflection        |     3 |     2 |     9 ||    14

Table legend: (Time is in decaauts)
 A = Elapsed time spent in this place.
 B = Non-inter-level travel time spent in this place.
 C = Inter-level travel time spent in this place.
 D = Time resting spent in this place.
 E = Time spent auto-exploring this place.
 F = Levels seen in this place.
 G = Mean time per level.
                   A        B        C        D        E       F      G
               +--------+--------+--------+--------+--------+-----+--------+
         Total |   4839 |   4614 |    225 |    761 |   2964 |   6 |  806.5 |
       Dungeon |   4627 |   4450 |    177 |    761 |   2812 |   5 |  925.4 |
        Temple |    212 |    164 |     48 |      0 |    151 |   1 |  212.0 |
               +--------+--------+--------+--------+--------+-----+--------+

Top non-repeatable levels by time:
     D:4: 1300 daAuts
     D:1: 1032 daAuts
     D:2: 963 daAuts
     D:3: 805 daAuts
     D:5: 525 daAuts
  Temple: 212 daAuts
